 Dungeon Crawl Stone Soup version 0.32-a0-938-g40ac7a0f4d (webtiles) character file.

Game seed: 10472745889963788450

209336 Shayle the Stormcaller (level 18, -2/132 HPs)
             Began as a Coglin Alchemist on Apr 15, 2024.
             Was an Initiate of Gozag.
             Killed from afar by a salamander tyrant (27 damage)
             ... on level 2 of the Snake Pit.
             The game lasted 03:40:29 (45639 turns).

Shayle the Stormcaller (Coglin Alchemist)          Turns: 45639, Time: 03:40:30

Health: -2/132     AC: 20    Str:  8    XL:     18   Next: 81%
Magic:  18/25      EV: 17    Int: 18    God:    Gozag
Gold:   2946       SH:  0    Dex: 24    Spells: 11/26 levels left

rFire   . . .        b - +9 sling (freeze) {Jabu}
rCold   . . .        Y - +9 sling of a Billion Yaks {heavy, rN+ Dex+4}
rNeg    + + .        s - +3 leather armour {rN+}
rPois   +            g - +2 helmet
rElec   +            q - +2 cloak
rCorr   +            j - +2 pair of gloves {hurl}
SInv    .            L - +2 pair of boots {Fly}
Will    +....        (amulet unavailable)
Stlth   ++           (ring unavailable)
HPRegen 0.42/turn    (ring unavailable)
MPRegen 0.19/turn    V - bismuth transmogrifier {rElec rPois rCorr Clar RMsl}

%: repel missiles, clarity
@: weakened, gold aura, flying
A: off-hand wielding, slow wielding, warmup strikes, no jewellery
}: 1/15 runes: barnacled
a: Renounce Religion, Potion Petition, Call Merchant, Bribe Branch


You were on level 2 of the Snake Pit.
You worshipped Gozag.
Gozag was most pleased with you.
You visited 6 branches of the dungeon, and saw 29 of its levels.
You also visited: Ossuary and Gauntlet.

You collected 9560 gold pieces.
You spent 2625 gold pieces at shops.
You paid 3989 gold pieces to Gozag.

Inventory:

Hand Weapons
 b - a +9 sling of freezing (weapon) {Jabu}
 x - the +5 scimitar of Mumauzeal {drain, rElec}
   (You found it on level 5 of the Lair of Beasts)

   rElec:     It insulates you from electricity.
 M - the +7 rapier "Qept" {flame, Int+7}
   (You found it on level 15 of the Dungeon)

   Int+7:     It affects your intelligence (+7).
 S - the +3 flail "Banwak" {flame, rElec Dex+3}
   (You found it on level 3 of the Lair of Beasts)

   Dex+3:     It affects your dexterity (+3).
   rElec:     It insulates you from electricity.
 Y - the +9 sling of a Billion Yaks (offhand) {heavy, rN+ Dex+4}
   (You bought it in a shop on level 2 of the Orcish Mines)

   Dex+4:     It affects your dexterity (+4).
   rN+:       It protects you from negative energy.
Missiles
 C - 4 throwing nets
 G - 2 curare-tipped darts
Armour
 c - a +2 robe of resistance
 g - a +2 helmet (worn)
 j - a +2 pair of gloves of hurling (worn)
 q - a +2 cloak (worn)
 s - a +3 leather armour of positive energy (worn)
 H - a +3 leather armour of fire resistance
 L - a +2 pair of boots of flying (worn)
Gizmo
 V - a bismuth transmogrifier (installed) {rElec rPois rCorr Clar RMsl}
   (You invented it yourself on level 3 of the Lair of Beasts)

   [bismuth transmogrifier]

   rElec:     It insulates you from electricity.
   rPois:     It protects you from poison.
   Clar:      It protects you from confusion, rage, mesmerisation and fear.
   RMsl:      It protects you from missiles.
   rCorr:     It protects you from acid and corrosion.
Talismans
 h - a talisman of death
Wands
 f - a wand of mindburst (14)
 p - a wand of polymorph (3)
 y - a wand of flame (30)
 E - a wand of paralysis (18)
 F - a wand of iceblast (24)
 Q - a wand of digging (20)
 W - a wand of acid (6)
Scrolls
 d - a scroll of amnesia
 i - 5 scrolls of vulnerability
 l - 4 scrolls of fog
 n - 2 scrolls of blinking
 o - 4 scrolls of teleportation
 u - 2 scrolls of immolation
 B - a scroll of silence
 D - a scroll of fear
 J - a scroll of torment
 P - a scroll of poison
 U - 2 scrolls of summoning
Potions
 a - 13 potions of curing
 e - 5 potions of resistance
 v - 3 potions of mutation
 w - 3 potions of lignification
 z - 7 potions of haste
 A - a potion of enlightenment
 I - a potion of invisibility
 K - 2 potions of cancellation
 N - a potion of berserk rage
 R - a potion of magic
 T - 5 potions of might
 X - 3 potions of heal wounds
Miscellaneous
 k - a lightning rod (4/4)
 m - a condenser vane
 r - a Gell's gravitambourine (2/2)
 t - a phantom mirror


   Skills:
 - Level 9.0 Fighting
 - Level 12.2 Ranged Weapons
 - Level 7.0 Armour
 - Level 8.9 Dodging
 - Level 1.5 Stealth
 - Level 4.7 Spellcasting
 - Level 8.0 Conjurations
 - Level 7.0 Fire Magic
 - Level 8.1 Ice Magic
 + Level 15.3 Air Magic
 - Level 3.2 Alchemy
 + Level 12.6 Shapeshifting


You had 11 spell levels left.
You knew the following spells:

 Your Spells              Type           Power      Damage    Failure   Level
a - Sting                 Conj/Alch      96%        1d9       1%          1
b - Mephitic Cloud        Conj/Alch/Air  36%        N/A       1%          3
c - Sticky Flame          Fire/Alch      22%        2d6       22%         4
d - Freezing Cloud        Conj/Ice/Air   21%        6-21      7%          5
e - Blink                 Tloc           8%         N/A       28%         2

Your spell library contained the following spells:

 Spells                   Type           Power      Damage    Failure   Level
 Foxfire                  Conj/Fire      100%       2x1d9     1%          1
 Freeze                   Ice            100%       1d10      1%          1
 Magic Dart               Conj           100%       1d8       1%          1
 Mercury Vapours          Alch/Air       74%        N/A       1%          2
 Frozen Ramparts          Ice            66%        1d10      1%          3
 Hailstorm                Conj/Ice       33%        3d8       1%          3
 Swiftness                Air            56%        N/A       1%          3
 Arcjolt                  Conj/Air       23%        1d33      4%          5
 Ensorcelled Hibernation  Hex/Ice        38%        N/A       5%          2
 Summon Lightning Spire   Summ/Air       31%        N/A       8%          4
 Vhi's Electric Charge    Tloc/Air       62%        N/A       8%          4
 Dazzling Flash           Conj/Hex       36%        N/A       11%         3
 Stone Arrow              Conj/Erth      36%        3d9       11%         3
 Volatile Blastmotes      Fire/Tloc      34%        2d12      13%         3
 Slow                     Hex            16%        N/A       19%         1
 Silence                  Hex/Air        15%        N/A       22%         5
 Fireball                 Conj/Fire      15%        3d8       24%         5
 Conjure Ball Lightning   Conj/Air       23%        3x3d6     24%         6
 Call Imp                 Summ           8%         N/A       28%         2
 Plasma Beam              Fire/Air       22%        2x1d34    28%         6
 Olgreb's Toxic Radiance  Alch           16%        N/A       43%         4
 Maxwell's Portable Pile  Tloc           4%         2d(5-14)  50%         3
 Passwall                 Erth           4%         N/A       50%         3
 Sigil of Binding         Hex            4%         N/A       50%         3
 Metabolic Englaciation   Hex/Ice        9%         N/A       67%         5
 Starburst                Conj/Fire      15%        6d6       78%         6
 Anguish                  Hex/Necr       2%         N/A       88%         4
 Animate Armour           Summ/Erth      8%         N/A       88%         4
 Cause Fear               Hex            2%         N/A       88%         4
 Dimensional Bullseye     Hex/Tloc       2%         N/A       88%         4
 Passage of Golubria      Tloc           4%         N/A       88%         4
 Maxwell's Capacitive Co  Air            28%        ∞         92%         8
 Sculpt Simulacrum        Ice/Alch       12%        N/A       95%         6
 Lee's Rapid Deconstruct  Erth           2%         3d4*      99%         5
 Summon Forest            Summ/Tloc      2%         N/A       99%         5
 Summon Mana Viper        Hex/Summ       4%         N/A       99%         5
 Bombard                  Conj/Erth      9%         9d2       99%         6
 Ozocubu's Refrigeration  Ice            16%        4d11      99%         7
 Death Channel            Necr           2%         N/A       100%        6
 Summon Cactus Giant      Summ           2%         N/A       100%        6
 Enfeeble                 Hex            2%         N/A       100%        7
 Spellforged Servitor     Conj/Summ      9%         N/A       100%        7
 Discord                  Hex            2%         N/A       100%        8
 Disjunction              Tloc           2%         N/A       100%        8
 Lehudib's Crystal Spear  Conj/Erth      9%         10d4      100%        8
 Dragon's Call            Summ           2%         N/A       100%        9


Dungeon Overview and Level Annotations

Branches:
Dungeon (15/15)            Temple (1/1) D:6            Lair (5/5) D:10
 Shoals (4/4) Lair:2        Snake (2/4) Lair:3        Slime (0/5) Lair:5
    Orc (2/2) D:12            Elf (0/3) Orc:2        Vaults (0/5) D:13
 Depths (0/4) D:15        Ossuary (visited)         Gauntlet (visited)

Altars:
Ashenzari
Cheibriados
Dithmenos
Elyvilon
Fedhas
Gozag
Hepliaklqana
Kikubaaqudgha
Makhleb
Nemelex Xobeh
Okawaru
Qazlal
Ru
Sif Muna
Trog
Uskayaw
Vehumet
Wu Jian
Xom
Yredelemnul
Zin
The Shining One
Beogh
Jiyva

Shops:
D:6 **   D:10 (*(:   D:14 (   Orc:1 !   Orc:2 *(!?   Shoals:4 =

Portals:
Hell: Lair:5

Annotations:
D:6 3 runed translucent doors, Daunt's ghost, novice CoGl
D:9 2 transporters, exclusion: door, avangion's ghost, journeyman GrEE
D:11 2 runed translucent doors
D:13 3 runed translucent doors, JoadsterXIII's ghost, journeyman MiFi
Lair:1 2 runed translucent doors, Heh's ghost, journeyman CoBe
Shoals:4 Ilsuiw


Innate Abilities, Weirdness & Mutations

You can wield a second weapon in your off-hand.
It takes a long time for you to wield or remove held weapons.
Your first few attacks do less damage.
You cannot equip rings or amulets.


Message History

As you read the scroll of fear, it crumbles to dust.
You assume a fearsome visage.
The salamander tyrant looks frightened!
The salamander mystic looks frightened!
The salamander looks frightened!
The black mamba looks frightened!
The salamander tyrant is engulfed in freezing vapours.
The black mamba is engulfed in freezing vapours.
The black mamba seems to slow down.
The salamander tyrant is engulfed in freezing vapours.
The salamander mystic is engulfed in freezing vapours.
Unknown command.
The salamander is engulfed in freezing vapours.
You kill the salamander!
The salamander is engulfed in freezing vapours.
The salamander wields a +0 shortbow of flaming.
It bursts into flame!
The salamander shoots an arrow.
The arrow hits you! The arrow burns you.
The salamander mystic is engulfed in freezing vapours.
The salamander is engulfed in freezing vapours.
The salamander mystic is engulfed in freezing vapours.
You kill the salamander mystic!
Unknown command.
You start resting.
The salamander tyrant gazes fiercely through you!
You feel as though you will be weak longer.
You start resting.
A salamander tyrant is nearby!
The salamander tyrant gazes fiercely through you!
You feel as though you will be weak longer.
Casting: Freezing Cloud (dangerous; 7% risk of failure)
Confirm with . or Enter, or press ? or * to list all spells.
You can't see any susceptible monsters within range! (Use Z to cast anyway.)
The salamander tyrant rends the earth beneath you!
The blast of magma engulfs you!!!
* * * LOW HITPOINT WARNING * * *
Unknown command.
You feel much better.
The salamander tyrant rends the earth beneath you!
The blast of magma engulfs you!!
You die...
Your body crumbles into a pile of gold.

##.).###..##........#...)
#....##.###............)
##.......##..##.......##
#..........># ...#.#.##
#.........#.# ####.....
#........##.# ###.....
###....)###.# ........
#.....≈≈≈.#.# ....####
......#.##@≈...# ... #
#........##....## # #
.......##...#○.# .......
#..°○.§# ....... #...☼..#
...##.( ####§°°....
#☼##☼### .N☼ N# # .......
#


You could see a salamander tyrant (fast) and a salamander (fast).

Vanquished Creatures
  Rupert (Lair:3)
  A sphinx (D:15)
  Polyphemus (Shoals:1)
  2 krakens (Shoals:2)
  Kirke (Lair:4)
  A nagaraja (Snake:2)
  2 orc warlords (Orc:2)
  A quicksilver ooze (Lair:5)
  A minotaur (Gauntlet)
  2 elemental wellsprings (Shoals:2)
  Josephine (D:10)
  4 merfolk javelineers (Shoals:4)
  4 great orbs of eyes
  11 hydras
  A salamander tyrant (Snake:1)
  3 merfolk impalers
  2 merfolk avatars
  An ogre mage (D:15)
  10 centaur warriors
  6 merfolk aquamancers
  3 death yaks
  10 two-headed ogres
  2 catoblepae
  5 satyrs
  2 anacondas (Snake:1)
  2 boulder beetles
  An alligator snapping turtle (Shoals:4)
  2 occultists
  A deep troll earth mage (D:15)
  4 tengu warriors
  A naga sharpshooter (Snake:1)
  5 orc high priests (Orc:2)
  2 shock serpents (Snake:1)
  A sun demon (Lair:5)
  4 naga warriors
  2 salamander mystics
  2 sea snakes (Shoals:4)
  6 skysharks
  A deep elf archer (D:13)
  3 mana vipers (Snake:1)
  A naga ritualist (Snake:1)
  8 orc knights
  4 lindwurms (Lair:5)
  An obsidian bat (Orc:2)
  6 deep elf pyromancers
  5 orc sorcerers
  26 ugly things
  2 oklob plants (Lair:4)
  A deep elf zephyrmancer (D:13)
  5 salamanders
  26 fauns
  10 cyclopes
  19 manticores
  Maurice (D:9)
  9 merfolk sirens
  3 elephants
  12 black mambas
  A guardian serpent (Snake:2)
  5 kobold blastminers (Orc:2)
  Joseph (D:8)
  4 naga magi
  11 water nymphs
  2 efreet
  4 unseen horrors
  5 rime drakes
  12 cane toads
  A freezing wraith (D:15)
  A kobold demonologist (D:13)
  A yaktaur (D:15)
  4 komodo dragons
  5 ice devils
  2 red devils (Lair:5)
  A hellwing (Lair:5)
  3 wind drakes
  24 blink frogs
  3 trolls
  26 merfolk
  A polar bear (Lair:3)
  3 dream sheep (Shoals:1)
  26 slime creatures
  14 snapping turtles
  A shadow (D:11)
  A spriggan (shapeshifter) (D:14)
  5 wraiths
  12 water elementals
  2 vampires
  19 yaks
  5 hogs (Lair:4)
  4 wyverns
  4 basilisks
  4 wargs
  A golden eye (shapeshifter) (D:14)
  5 steam dragons
  12 vampire mosquitoes
  Menkaure (D:5)
  6 nagas (Snake:1)
  3 hell hounds (Lair:5)
  Duvessa (D:5)
  18 water moccasins
  A laughing skull (D:14)
  54 orc warriors
  2 black bears
  2 ice beasts (D:6)
  A black bear (shapeshifter) (D:14)
  A sky beast (D:8)
  10 wolves
  18 ogres
  6 centaurs
  Blork the orc (D:5)
  15 bullfrogs
  7 kobold brigands
  An elf zombie (Ossuary)
  4 scorpions
  Dowan (D:5)
  11 killer bees
  3 electric eels
  3 howler monkeys (D:8)
  4 bombardier beetles
  3 centaur zombies (Ossuary)
  16 jellies
  A hound (D:7)
  A gnoll bouda (D:7)
  34 orc priests
  3 iguanas
  25 orc wizards
  3 scorpion zombies (D:6)
  A sleepcap (D:6)
  2 hound zombies (Ossuary)
  2 mummies (Ossuary)
  9 adders
  11 gnolls
  A howler monkey skeleton (D:6)
  A shadow imp (D:7)
  5 white imps
  8 adder zombies (Ossuary)
  4 dart slugs
  97 orcs
  6 ball pythons
  4 endoplasms
  2 giant cockroaches
  11 goblins
  7 hobgoblins
  3 jackals (D:4)
  14 kobolds
  6 quokkas
  5 bats
  2 frilled lizards
  4 gnoll zombies (Ossuary)
  7 jackal zombies (Ossuary)
  6 kobold zombies (Ossuary)
  6 orc zombies (Ossuary)
  6 rats
979 creatures vanquished.

Vanquished Creatures (collateral kills)
  A faun (Shoals:4)
  A gnoll bouda (D:8)
2 creatures vanquished.

Vanquished Creatures (others)
  A human (Lair:5)
  A water moccasin (Lair:3)
  A laughing skull (D:14)
  An orc wizard (Orc:2)
  A gnoll (D:8)
  12 tentacles (Shoals:2)
17 creatures vanquished.

Grand Total: 998 creatures vanquished

Notes
Turn   | Place    | Note
-------+----------+-------------------------------------------
     0 | D:1      | Shayle the Coglin Alchemist began the quest for the Orb.
     0 | D:1      | Reached XP level 1. HP: 13/13 MP: 3/3
    82 | D:1      | Reached skill level 1 in Ranged Weapons
   231 | D:1      | Reached XP level 2. HP: 18/19 MP: 0/4
  1051 | D:2      | Reached XP level 3. HP: 19/24 MP: 0/5
  1650 | D:2      | Reached XP level 4. HP: 18/30 MP: 0/6
  2154 | D:3      | Found a blossoming altar of Fedhas.
  2529 | D:3      | Found a faded altar of an unknown god.
  2922 | D:4      | Reached XP level 5. HP: 35/35 MP: 7/7
  2943 | D:4      | Found a basalt altar of Yredelemnul.
  2971 | D:4      | Noticed a black bear
  2979 | D:4      | Killed a black bear
  2980 | D:4      | Reached skill level 1 in Fighting
  2980 | D:4      | Reached XP level 6. HP: 44/44 MP: 8/8
  3102 | D:4      | Found a snail-covered altar of Cheibriados.
  3142 | D:4      | Reached skill level 5 in Ranged Weapons
  3379 | D:5      | Entered Level 5 of the Dungeon
  3476 | D:5      | Noticed Dowan
  3478 | D:5      | Noticed Duvessa
  3521 | D:5      | Noticed Menkaure
  3529 | D:5      | Killed Menkaure
  3592 | D:4      | Learned a level 3 spell: Mephitic Cloud
  3648 | D:5      | Reached XP level 7. HP: 49/52 MP: 9/9
  4393 | D:5      | Killed Duvessa
  4404 | D:5      | Killed Dowan
  4405 | D:5      | Reached XP level 8. HP: 56/61 MP: 10/10
  4544 | D:5      | Noticed Blork the orc
  4550 | D:5      | Killed Blork the orc
  4551 | D:5      | Reached skill level 5 in Fighting
  4640 | D:5      | Found a shimmering altar of Xom.
  5039 | D:6      | Found a staircase to the Ecumenical Temple.
  5108 | D:6      | Found a sand-covered staircase.
  5122 | Ossuary  | Entered an ossuary
  5496 | Ossuary  | Reached XP level 9. HP: 64/71 MP: 11/11
  5882 | D:6      | Found a runed translucent gate.
  5882 | D:6      | Found a runed translucent gate.
  5882 | D:6      | Found a runed translucent gate.
  5887 | D:6      | Identified the +8 plate armour of Darkness {rPois rF++
                  | Will- Stlth-}
  5890 | D:6      | Noticed Daunt's ghost (novice CoGl)
  5922 | D:6      | Found Hahakets's General Store.
  5923 | D:6      | Found Gilobuji's Specific Store.
  5927 | D:6      | Bought a wand of acid (3) for 151 gold pieces
  5935 | D:6      | Bought a scroll of blinking for 90 gold pieces
  6072 | D:6      | Found a white marble altar of Elyvilon.
  6072 | D:6      | Found an opulent altar of Gozag.
  6141 | D:6      | Found a roughly hewn altar of Beogh.
  7579 | D:8      | Found a bloodstained altar of Trog.
  7837 | Temple   | Entered the Ecumenical Temple
  7881 | D:6      | Became a worshipper of Gozag Ym Sagoz the Greedy
  8076 | D:8      | Reached XP level 10. HP: 77/83 MP: 12/12
  8219 | D:8      | Noticed Joseph
  8242 | D:8      | Killed Joseph
  8528 | D:8      | Noticed a two-headed ogre
  8538 | D:8      | Killed a two-headed ogre
  8539 | D:8      | Reached skill level 10 in Ranged Weapons
  8956 | D:9      | Found a transporter.
  8957 | D:9      | Found a transporter.
  8957 | D:9      | Noticed avangion's ghost (journeyman GrEE)
  9000 | D:9      | Noticed a cyclops
  9000 | D:9      | Noticed a cyclops
  9012 | D:9      | Killed a cyclops
  9149 | D:9      | Noticed a manticore
  9162 | D:9      | Killed a manticore
  9336 | D:9      | Found a sacrificial altar of Ru.
  9425 | D:9      | Killed a cyclops
  9426 | D:9      | Reached skill level 5 in Dodging
 10035 | D:9      | Noticed Maurice
 10055 | D:9      | Killed Maurice
 10377 | D:10     | Entered Level 10 of the Dungeon
 10404 | D:10     | Noticed Josephine
 10438 | D:11     | Identified a scroll of acquirement
 10438 | D:11     | Acquired Sif Muna's Papyrus of Charming Forces
 10471 | D:11     | Found a large runed translucent door.
 10471 | D:11     | Noticed a centaur warrior
 10472 | D:11     | Found a large runed translucent door.
 10472 | D:11     | Noticed a deep elf pyromancer
 10476 | D:11     | Found a large runed translucent door.
 10476 | D:11     | Found a large runed translucent door.
 10577 | D:10     | Reached XP level 11. HP: 50/89 MP: 9/13
 11007 | D:6      | Bought 3 scrolls of enchant armour for 270 gold pieces
 11630 | D:11     | Noticed a two-headed ogre
 11639 | D:11     | Killed a two-headed ogre
 11973 | D:11     | Noticed a centaur warrior
 11986 | D:11     | Noticed a two-headed ogre
 11987 | D:11     | Killed a centaur warrior
 11996 | D:11     | Killed a two-headed ogre
 12194 | D:11     | Noticed a two-headed ogre
 12203 | D:11     | Killed a two-headed ogre
 12219 | D:11     | Noticed a tengu warrior
 12231 | D:11     | Killed a tengu warrior
 12482 | D:11     | Reached skill level 1 in Conjurations
 12484 | D:11     | Noticed an orc knight
 12497 | D:11     | Killed an orc knight
 12556 | D:11     | Reached skill level 1 in Air Magic
 13141 | D:10     | Found a staircase to the Lair.
 13146 | Lair:1   | Entered Level 1 of the Lair of Beasts
 13309 | Lair:1   | Identified the +8 spear "Giegh" {protect, rElec rC+ Int-4
                  | Stlth+}
 13582 | Lair:1   | Reached skill level 2 in Air Magic
 13600 | Lair:1   | Reached XP level 12. HP: 77/95 MP: 5/16
 13769 | Lair:1   | Learned a level 4 spell: Sticky Flame
 13849 | Lair:1   | Reached skill level 3 in Air Magic
 13881 | Lair:1   | Found a large runed translucent door.
 13881 | Lair:1   | Found a large runed translucent door.
 13936 | Lair:1   | Noticed Heh's ghost (journeyman CoBe)
 14513 | Lair:2   | Found a gate leading to a gauntlet.
 14548 | Gauntlet | Entered a Gauntlet
 14548 | Gauntlet | Found a transporter.
 14548 | Gauntlet | Found a transporter.
 14554 | Gauntlet | Found a transporter.
 14566 | Gauntlet | Found a transporter.
 14584 | Gauntlet | Found a transporter.
 14584 | Gauntlet | Found a transporter.
 14584 | Gauntlet | Found a transporter.
 14588 | Gauntlet | Found a transporter.
 14588 | Gauntlet | Found a transporter.
 14590 | Gauntlet | Noticed a death yak
 14590 | Gauntlet | Noticed a green death
 14600 | Gauntlet | Found a transporter.
 14613 | Gauntlet | Found a runed translucent door.
 14617 | Gauntlet | Found a transporter.
 14619 | Gauntlet | Noticed a death yak
 14619 | Gauntlet | Noticed a death yak
 14626 | Gauntlet | Found a transporter.
 14626 | Gauntlet | Noticed a dire elephant
 14626 | Gauntlet | Noticed a death yak
 14627 | Gauntlet | Noticed a death yak
 14643 | Gauntlet | Found a transporter.
 14660 | Gauntlet | Noticed a great orb of eyes
 14661 | Gauntlet | Found a transporter.
 14855 | Gauntlet | Reached skill level 1 in Armour
 14855 | Gauntlet | Reached skill level 1 in Fire Magic
 14868 | Gauntlet | Killed a great orb of eyes
 14933 | Gauntlet | Identified the +0 helmet "Saucwiqe" {Harm rF+ rC+}
 14948 | Gauntlet | Noticed a minotaur
 14961 | Gauntlet | Killed a minotaur
 15024 | Gauntlet | Identified the +0 fire dragon scales of Lust {Rampage rF++
                  | rC-}
 15524 | D:10     | Killed Josephine
 16334 | D:12     | Reached XP level 13. HP: 101/101 MP: 20/20
 16900 | Lair:2   | Found a staircase to the Shoals.
 16920 | Lair:2   | Reached skill level 5 in Armour
 16920 | Lair:2   | Reached skill level 5 in Fire Magic
 17928 | Lair:3   | Got the Papyrus of the Cooper
 18091 | Lair:3   | Found a staircase to the Snake Pit.
 18320 | Lair:3   | Identified the +3 flail "Banwak" {flame, rElec Dex+3}
 18736 | Lair:3   | Noticed Rupert
 18748 | Lair:3   | HP: 2/96 [Rupert/+0 great mace of draining (32)]
 19186 | Lair:3   | Killed Rupert
 19856 | Lair:4   | Learned a level 5 spell: Freezing Cloud
 19977 | Lair:4   | Found the +6 arbalest "Damnation" {damnation}
 20505 | Lair:4   | Reached skill level 1 in Ice Magic
 21101 | Lair:5   | Entered Level 5 of the Lair of Beasts
 21191 | Lair:5   | Found a viscous altar of Jiyva.
 21192 | Lair:5   | Found a staircase to the Slime Pits.
 21208 | Lair:5   | Noticed Kirke
 21561 | Lair:4   | Reached skill level 5 in Ice Magic
 21603 | Lair:3   | Reached XP level 14. HP: 30/108 MP: 9/21
 21837 | Lair:3   | Acquired a bismuth transmogrifier {rElec rPois rCorr Clar
                  | RMsl}
 21905 | Lair:4   | Found a shimmering blue altar of Sif Muna.
 23580 | D:12     | Found a staircase to the Orcish Mines.
 23602 | Orc:1    | Entered Level 1 of the Orcish Mines
 23602 | Orc:1    | Found Manynel's Distillery.
 24033 | Orc:1    | Bought a potion of experience for 550 gold pieces
 24033 | Orc:1    | Reached skill level 5 in Air Magic
 24033 | Orc:1    | Reached XP level 15. HP: 113/113 MP: 6/22
 24118 | Orc:1    | Bought a potion of curing for 33 gold pieces
 24118 | Orc:1    | Bought 2 potions of curing for 66 gold pieces
 24118 | Orc:1    | Bought 2 potions of heal wounds for 110 gold pieces
 24118 | Orc:1    | Bought a potion of curing for 33 gold pieces
 24118 | Orc:1    | Bought a potion of heal wounds for 55 gold pieces
 24118 | Orc:1    | Bought a potion of heal wounds for 55 gold pieces
 24277 | Orc:2    | Entered Level 2 of the Orcish Mines
 24710 | Orc:2    | Reached skill level 6 in Air Magic
 25004 | Orc:2    | Found a staircase to the Elven Halls.
 25319 | Orc:2    | Noticed an orc warlord
 25955 | Orc:2    | Noticed an orc warlord
 25970 | Orc:2    | Paralysed by an orc sorcerer for 3 turns
 27141 | Orc:2    | Found a roughly hewn altar of Beogh.
 27449 | Orc:2    | Killed an orc warlord
 27450 | Orc:2    | Reached skill level 7 in Air Magic
 27686 | Orc:2    | Found Buhid's Weapon Emporium.
 27750 | Orc:2    | Reached skill level 1 in Shapeshifting
 27950 | Orc:2    | Found Aryex's Assorted Antiques.
 28496 | Orc:2    | Killed an orc warlord
 28954 | Orc:2    | Reached skill level 8 in Air Magic
 29030 | Orc:2    | Found Heiben's Distillery.
 29043 | Orc:2    | Bought a potion of curing for 48 gold pieces
 29043 | Orc:2    | Bought a potion of heal wounds for 80 gold pieces
 29043 | Orc:2    | Bought a potion of curing for 48 gold pieces
 29043 | Orc:2    | Bought a potion of curing for 48 gold pieces
 29043 | Orc:2    | Bought a potion of curing for 48 gold pieces
 29054 | Orc:2    | Found a roughly hewn altar of Beogh.
 29077 | Orc:2    | Found Loiloh's Magic Scroll Shoppe.
 29106 | Orc:2    | Bought a scroll of brand weapon for 133 gold pieces
 29236 | Orc:2    | Bought the +9 sling of a Billion Yaks {heavy, rN+ Dex+4}
                  | for 807 gold pieces
 30090 | Lair:4   | Reached XP level 16. HP: 49/120 MP: 20/23
 30275 | Lair:4   | Killed Kirke
 30595 | Lair:5   | Reached skill level 9 in Air Magic
 30622 | Lair:5   | Identified the +5 scimitar of Mumauzeal {drain, rElec}
 30881 | Lair:5   | Reached skill level 5 in Shapeshifting
 31111 | Lair:5   | Found a burning altar of Makhleb.
 31121 | Lair:5   | Found a gateway to Hell.
 31128 | Lair:5   | Identified the +0 robe "Gialiev" {rF- rC++ Int+2}
 31349 | Lair:5   | Found a viscous altar of Jiyva.
 31983 | D:11     | Reached skill level 10 in Air Magic
 32769 | D:13     | Found a runed translucent gate.
 32769 | D:13     | Found a runed translucent gate.
 32771 | D:13     | Found a runed translucent gate.
 32776 | D:13     | Noticed JoadsterXIII's ghost (journeyman MiFi)
 32805 | D:14     | Found Uqogumuon's Weapon Emporium.
 33196 | D:13     | Reached skill level 11 in Air Magic
 33785 | D:13     | Found a gate to the Vaults.
 34287 | D:14     | Reached XP level 17. HP: 125/125 MP: 20/24
 34382 | D:14     | Found a shimmering altar of Xom.
 34484 | D:14     | You are sucked into a shaft and drop 1 floor!
 34484 | D:15     | Entered Level 15 of the Dungeon
 34549 | D:15     | Noticed a sphinx
 34763 | D:15     | Killed a sphinx
 34807 | D:15     | Reached skill level 12 in Air Magic
 35195 | D:15     | Identified the +7 rapier "Qept" {flame, Int+7}
 35250 | D:15     | Found a staircase to the Depths.
 36072 | Shoals:1 | Entered Level 1 of the Shoals
 36076 | Shoals:1 | Learned a level 2 spell: Blink
 37077 | Shoals:2 | Noticed Polyphemus
 37274 | Shoals:1 | Killed Polyphemus
 37275 | Shoals:1 | Reached skill level 10 in Shapeshifting
 37433 | Shoals:1 | Reached skill level 13 in Air Magic
 38076 | Shoals:2 | Noticed a kraken
 38092 | Shoals:2 | Killed a kraken
 38483 | Shoals:2 | Noticed a kraken
 38496 | Shoals:2 | Killed a kraken
 39547 | Shoals:3 | Reached XP level 18. HP: 73/132 MP: 25/25
 40470 | Shoals:4 | Entered Level 4 of the Shoals
 40482 | Shoals:4 | Reached skill level 14 in Air Magic
 41029 | Shoals:4 | Identified the +0 storm dragon scales of Complete
                  | Protection {rElec rPois rC- Dex+7}
 41931 | Shoals:4 | Found Gaqolil's Jewellery Shop.
 42364 | Shoals:4 | Noticed Ilsuiw
 42705 | Shoals:4 | Got a barnacled rune of Zot
 43242 | Snake:1  | Entered Level 1 of the Snake Pit
 43982 | Snake:1  | Reached skill level 15 in Air Magic
 44360 | Snake:1  | Found a white marble altar of Elyvilon.
 45237 | Snake:2  | Found a sacrificial altar of Ru.
 45638 | Snake:2  | HP: 5/132 [salamander tyrant (45)]
 45639 | Snake:2  | Killed from afar by a salamander tyrant

Illustrated notes

Levels and vault maps discovered:
D:1:      wander_arrival_peaceful_grave, layout_loops_ring, st_stairs_4
D:2:      layout_basic, corexii_corridor_pit, minmay_misc_feat_doors
D:3:      wander_river, layout_loops_ring,
          mainiacjoe_overflow_concentric_impassable,
          shapermc_ecumenical_altar_petra, kennysheep_generic_room_9
D:4:      layout_basic, mainiacjoe_overflow_catwalk_spiral
D:5:      layout_basic, general_overflow_altar, uniq_blork_the_orc,
          uniq_duvessa, uniq_menkaure
D:6:      layout_loops_ring, nicolae_overflow_two_pavilions,
          minmay_temple_entry_junction, mainiacjoe_ossuary_entry_find_the_door,
          biasface_ghost_orc_armoury, nicolae_specific_store
D:7:      layout_loops_cross
D:8:      layout_basic, mainiacjoe_overflow_boulevard, minmay_microvault,
          uniq_joseph
D:9:      minmay_sliced_demisemicircle, layout_loops_corners,
          mainiacjoe_overflow_alcove_1, gammafunk_ghost_arena,
          amcnicky_mini_rare_corridor_liquid, fountainhead, kb_rosetta,
          uniq_maurice
D:10:     layout_basic, grunt_lair_entry_orc_guard_hut, serial_co_window_serial,
          co_window_paths_b, co_window_corner_a, co_window_of_opportunity_a,
          co_window_of_opportunity_a, co_window_paths_a, co_window_corner_a,
          co_window_2corner, co_window_paths_c, co_window_2corner,
          co_window_cross_2, co_window_paths_c, glass_columns_a,
          glass_columns_a, glass_columns_b, water_boxes_lemuel, uniq_josephine
D:11:     layout_stronghold, serial_column_ruins, column_ruins_columns_T,
          column_ruins_open_small, column_ruins_open_small,
          column_ruins_columns_water, column_ruins_open_small,
          minmay_hollow_rounded_squares
D:12:     layout_irregular_city, david_orc_4
D:13:     layout_cave_pools, hangedman_vaults_entry_quadrant_bands,
          gammafunk_ghost_spectres
D:14:     layout_cave_pools, regret_index_xom_buried_treasure, serial_shops,
          nicolae_shop_mannequins
D:15:     hellmonk_depths_entry_around_the_bend, layout_basic
Temple:   dpeg_chambers_temple
Lair:1:   layout_long_grid, ebering_ghost_disaster_area, grunt_megastairs_5
Lair:2:   layout_gridlike, minmay_shoals_entry_beasts, gauntlet_entry_generic,
          serial_bayou_pond_d
Lair:3:   layout_cave_pods, minmay_snake_entry_six_corridors,
          lemuel_old_faithful, grunt_megastairs_3, serial_bayou_shore_b,
          serial_bayou_shore_b, infiniplex_staircase_pool, uniq_rupert
Lair:4:   layout_cave_pods, lemuel_oklob_altar
Lair:5:   evil_forest, layout_small_grid, slime_entry_1, special_room
          [special_room_jelly], minmay_lindwurm_lava, lemuel_fruit_tree,
          uniq_kirke
Shoals:1: layout_shoals
Shoals:2: layout_shoals, nicolae_shoals_spring_well_temple,
          nicolae_shoals_former_cling_halls, uniq_polyphemus
Shoals:3: layout_shoals
Shoals:4: shoals_end_grunt_garden, layout_shoals, shoal_ilsuiw, serial_shops,
          shop
Snake:1:  layout_gridlike, basic_altar, nicolae_triple_integral
Snake:2:  layout_misc_corridors, basic_altar, grunt_ministairs_13, uniq_aizul,
          uniq_nikola, uniq_vashnia
Orc:1:    nicolae_orc_accident_3, layout_caves, serial_shops, shop
Orc:2:    pubby_orc_utopia

Skill      XL: |  1  2  3  4  5  6  7  8  9 10 11 12 13 14 15 16 17 18 |
---------------+-------------------------------------------------------+-----
Ranged Weapons | 1 2 3 4 5 6 7 9 11 12 | 12.2
Fighting       | 1 3 4 6 9 |  9.0
Dodging        | 6 8 |  8.9
Conjurations   | 2 4 6 8 |  8.0
Spellcasting   | 2 4 |  4.7
Air Magic      | 2 3 5 8 11 13 15 | 15.3
Armour         | 4 7 |  7.0
Fire Magic     | 4 7 |  7.0
Ice Magic      | 5 8 |  8.1
Shapeshifting  | 3 8 10 12 | 12.6
Stealth        | |  1.5
Alchemy        | |  3.2

Action                     |  1- 3 |  4- 6 |  7- 9 | 10-12 | 13-15 | 16-18 || total
---------------------------+-------+-------+-------+-------+-------+-------++-------
  Melee: Unarmed           |    33 |     4 |       |    29 |    25 |       ||    91
         Sling             |       |       |     2 |     2 |       |       ||     4
   Fire: Sling             |       |   174 |   956 |  1334 |  2172 |  1988 ||  6624
   Cast: Sting             |    65 |    38 |     3 |    11 |     7 |     2 ||   126
         Mephitic Cloud    |       |       |     3 |    27 |    95 |    51 ||   176
         Sticky Flame      |       |       |       |       |   104 |    75 ||   179
         Freezing Cloud    |       |       |       |       |     8 |   103 ||   111
 Invoke: Call Merchant     |       |       |       |     1 |       |     3 ||     4
         Potion Petition   |       |       |       |       |       |     1 ||     1
Ability: Invent Gizmo      |       |       |       |       |     1 |       ||     1
  Evoke: Wand              |       |       |       |    14 |    17 |     5 ||    36
         Lightning rod     |       |       |       |       |     8 |       ||     8
         Gell's gravitambo |       |       |       |       |     3 |       ||     3
         Phantom mirror    |       |       |       |       |       |     1 ||     1
    Use: Potion            |     1 |     2 |     3 |     5 |     2 |     5 ||    18
         Scroll            |       |     6 |    11 |    19 |    15 |    11 ||    62
   Stab: Confused          |       |       |       |     8 |       |       ||     8
 Armour: Robe              |    32 |    30 |    40 |       |       |       ||   102
         Skin              |       |     2 |       |     4 |    15 |       ||    21
         Leather armour    |       |       |    92 |   282 |   429 |   438 ||  1241
         Steam dragon scal |       |       |    17 |     7 |       |       ||    24
  Dodge: Dodged            |    37 |    31 |   114 |   269 |   533 |   405 ||  1389
         Repelled          |       |       |       |       |    22 |    73 ||    95

Table legend: (Time is in decaauts)
 A = Elapsed time spent in this place.
 B = Non-inter-level travel time spent in this place.
 C = Inter-level travel time spent in this place.
 D = Time resting spent in this place.
 E = Time spent auto-exploring this place.
 F = Levels seen in this place.
 G = Mean time per level.
                   A        B        C        D        E       F      G
               +--------+--------+--------+--------+--------+-----+--------+
         Total |  45551 |  42791 |   2760 |  13795 |  17577 |  31 | 1469.4 |
       Dungeon |  19544 |  18178 |   1366 |   4269 |   9451 |  15 | 1302.9 |
        Temple |      1 |      0 |      1 |      0 |      0 |   1 |    1.0 |
          Lair |  10661 |   9717 |    944 |   3588 |   3998 |   5 | 2132.2 |
        Shoals |   6926 |   6652 |    274 |   2647 |   2259 |   4 | 1731.5 |
     Snake Pit |   2244 |   2222 |     22 |   1067 |    764 |   2 | 1122.0 |
  Orcish Mines |   5294 |   5145 |    149 |   2051 |   1102 |   2 | 2647.0 |
       Ossuary |    390 |    390 |      0 |     53 |      3 |   1 |  390.0 |
      Gauntlet |    487 |    487 |      0 |    119 |      0 |   1 |  487.0 |
               +--------+--------+--------+--------+--------+-----+--------+

Top non-repeatable levels by time:
   Orc:2: 3771 daAuts
  Lair:4: 3038 daAuts
  Lair:3: 2792 daAuts
    D:12: 2013 daAuts
  Lair:1: 1997 daAuts
Shoals:4: 1932 daAuts
Shoals:2: 1910 daAuts
    D:11: 1864 daAuts
    D:10: 1853 daAuts
 Snake:1: 1817 daAuts
  Lair:5: 1786 daAuts
     D:8: 1680 daAuts
     D:9: 1633 daAuts
Shoals:3: 1630 daAuts
   Orc:1: 1522 daAuts
